 Dungeon Crawl Stone Soup version 0.31-a0-691-g409c26aa35 (webtiles) character file.

Game seed: 14576674356530294639

3380 javelincjr the Poker (level 9, -1/71 HPs)
             Began as a Demonspawn Fighter on Sept 6, 2023.
             Was a Follower of Makhleb.
             Slain by a steam dragon (5 damage)
             ... on level 7 of the Dungeon.
             The game lasted 00:23:45 (7308 turns).

javelincjr the Poker (Demonspawn Fighter)           Turns: 7308, Time: 00:23:45

Health: -1/71      AC:  9    Str: 22    XL:     9   Next: 74%
Magic:  0/9        EV: 11    Int: 13    God:    Makhleb [*.....]
Gold:   404        SH:  5    Dex: 12    Spells: 8/8 levels left

rFire   . . .        l - +8 spear "Rimituw" {heavy, Str+2 Int+2}
rCold   . . .        c - +0 buckler
rNeg    . . .        b - +0 scale mail
rPois   .            (helmet unavailable)
rElec   .            (no cloak)
rCorr   .            (no gloves)
SInv    +            (no boots)
Will    .....        B - amulet of guardian spirit Stlth
                     f - ring of flight
HPRegen 0.31/turn    t - +4 ring of slaying
MPRegen 0.11/turn

%: guardian spirit
@: flying
A: antennae 3, sharp scales 2
a: Renounce Religion


You were on level 7 of the Dungeon.
You worshipped Makhleb.
Makhleb was aware of your devotion.
You visited 2 branches of the dungeon, and saw 9 of its levels.

You collected 404 gold pieces.

Inventory:

Hand Weapons
 l - the +8 spear "Rimituw" (weapon) {heavy, Str+2 Int+2}
   (You found it on level 2 of the Dungeon)

   Str+2:     It affects your strength (+2).
   Int+2:     It affects your intelligence (+2).
 E - the +2 short sword "Nokh" {pain, Str+3 Stlth+}
   (You found it on level 6 of the Dungeon)

   Str+3:     It affects your strength (+3).
   Stlth+:    It makes you more stealthy.
Missiles
 q - 3 javelins
 s - 34 poisoned darts
 x - 6 boomerangs
 H - 2 throwing nets
Armour
 b - a +0 scale mail (worn)
 c - a +0 buckler (worn)
 F - a +0 plate armour
Jewellery
 f - a ring of flight (left hand)
 t - a +4 ring of slaying (right hand)
 y - an amulet of the acrobat
 A - a +6 ring of intelligence
 B - an amulet of guardian spirit (around neck)
Wands
 C - a wand of flame (17)
 G - a wand of quicksilver (9)
Scrolls
 e - 5 scrolls of teleportation {unknown}
 h - 4 scrolls of amnesia
 i - 6 scrolls of identify {unknown}
 j - 2 scrolls of immolation {unknown}
 n - 2 scrolls of noise
 r - a scroll of fear {unknown}
 u - 3 scrolls of fog {unknown}
 v - a scroll of poison {unknown}
 w - 2 scrolls of revelation
 z - a scroll of blinking {unknown}
 I - a scroll of vulnerability {unknown}
Potions
 a - a potion of brilliance {unknown}
 d - a potion of might
 g - 4 potions of curing {unknown}
 k - a potion of haste {unknown}
 m - a potion of ambrosia {unknown}
 o - 2 potions of magic {unknown}
 p - a potion of lignification {unknown}
 D - a potion of heal wounds {unknown}


   Skills:
 + Level 6.5 Fighting
 * Level 7.5 Polearms
 + Level 6.0 Armour
 + Level 4.5 Dodging
 + Level 5.9 Shields


You had 8 spell levels left.
You didn't know any spells.
Your spell library contained the following spells:

 Spells                   Type           Power      Damage    Failure   Level
 Kiss of Death            Conj/Necr      0%         2d5       65%         1
 Ensorcelled Hibernation  Hex/Ice        0%         N/A       80%         2
 Passwall                 Tmut/Erth      0%         N/A       80%         2
 Confusing Touch          Hex            0%         N/A       95%         3
 Stone Arrow              Conj/Erth      0%         3d7       95%         3
 Swiftness                Air            0%         N/A       95%         3
 Animate Armour           Summ/Erth      0%         N/A       100%        4
 Dispel Undead            Necr           0%         3d6       100%        4
 Olgreb's Toxic Radiance  Pois           0%         N/A       100%        4
 Discord                  Hex            0%         N/A       100%        8
 Ignition                 Fire           0%         3d3       100%        8
 Lehudib's Crystal Spear  Conj/Erth      0%         10d2      100%        8


Dungeon Overview and Level Annotations

Branches:
Dungeon (8/15)             Temple (1/1) D:6
   Lair: D:8-11

Altars:
Ashenzari
Cheibriados
Dithmenos
Gozag
Hepliaklqana
Kikubaaqudgha
Makhleb
Nemelex Xobeh
Ru
Sif Muna
Trog
Uskayaw
Wu Jian
Xom
Yredelemnul

Annotations:
D:7 2 transporters, Xavori's ghost, novice OpCK


Innate Abilities, Weirdness & Mutations

You have a pair of large antennae on your head. (SInv)
You are mostly covered in razor-sharp scales. (AC +2, Slay +2)


Message History

You fly upwards.
Level annotation: 2 transporters, Xavori's ghost, novice OpCK
There is a stone staircase leading down here.
You start resting.
Magic restored.
You start resting.
You are no longer corroded.
You fly downwards.
The bullfrog gives a loud, deep croak!
The two-headed ogre closely misses you. x2
The steam dragon closely misses you.
The steam dragon claws you but does no damage.
There is a stone staircase leading up here.
You puncture the two-headed ogre!
The two-headed ogre is moderately wounded.
The two-headed ogre hits you but does no damage.
The two-headed ogre hits you with a +0 giant club!!
The steam dragon barely misses you.
The steam dragon claws you but does no damage.
You hear a loud, deep croak!
The two-headed ogre closely misses you.
The two-headed ogre hits you with a +0 giant club!
The steam dragon barely misses you. The steam dragon claws you.
You fly upwards.
Level annotation: 2 transporters, Xavori's ghost, novice OpCK
There is a stone staircase leading down here.
You impale the two-headed ogre!!
The two-headed ogre is severely wounded.
The steam dragon breathes steam at you. The ball of steam hits you!!
The steam dragon bites you. The steam dragon claws you.
You hit the two-headed ogre.
The two-headed ogre is severely wounded.
The two-headed ogre is engulfed in a cloud of scalding steam.
The two-headed ogre hits you with a +0 giant club!!
* * * LOW HITPOINT WARNING * * *
The two-headed ogre hits you with a +0 giant club.
* * * LOW HITPOINT WARNING * * *
The steam dragon bites you.
You die...

YO.#..........)...........#
W8##..........)...........#
###.......###########....######
..........####...##########...#
.............#................#
.............#................#
.............#................#
)..#######..###....##.........#
...##...##..###§@..####+###...#
....#...#.....§§OD.##....##...#
....#...#....§§..........#....#
....#...#................#....#
...##'####.####....##....#....###
...##...#######....##....#.......
...#...............###'####......
...#...............##....##......
...#...............'......#...##.


You could see a two-headed ogre and a steam dragon (catching breath).

Vanquished Creatures
  A steam dragon (D:7)
  An ice beast (D:5)
  A water moccasin (D:6)
  2 orc warriors
  3 sky beasts
  2 black bears (D:6)
  3 ogres
  2 centaurs (D:5)
  3 kobold brigands
  A bullfrog (D:8)
  2 scorpions
  5 wights (D:6)
  A howler monkey (D:3)
  5 electric eels (D:7)
  5 hounds
  2 jellies
  A gnoll bouda (D:5)
  5 orc priests
  6 iguanas
  Terence (D:3)
  4 orc wizards
  Robin (D:3)
  20 gnolls
  9 adders
  2 ufetubi
  2 worms
  3 dart slugs
  31 orcs
  6 bats
  A bat skeleton (D:2)
  9 endoplasms
  3 giant cockroaches
  18 goblins
  7 hobgoblins
  2 jackals (D:5)
  20 kobolds
  3 quokkas
  5 ball pythons
  A ball python zombie (D:2)
  3 frilled lizards
  5 rats
207 creatures vanquished.

Notes
Turn   | Place    | Note
-------+----------+-------------------------------------------
     0 | D:1      | javelincjr the Demonspawn Fighter began the quest for the
                  | Orb.
     0 | D:1      | Reached XP level 1. HP: 18/18 MP: 1/1
   143 | D:1      | Reached skill level 2 in Polearms
   158 | D:1      | Gained mutation: You have a pair of small antennae on your
                  | head. [demonic ancestry]
   158 | D:1      | Reached XP level 2. HP: 24/24 MP: 2/2
   667 | D:2      | Gained mutation: You are partially covered in razor-sharp
                  | scales. (AC +1, Slay +1) [demonic ancestry]
   667 | D:2      | Reached XP level 3. HP: 24/29 MP: 3/3
   834 | D:2      | Identified the +8 spear "Rimituw" {heavy, Str+2 Int+2}
  1014 | D:2      | Reached XP level 4. HP: 34/35 MP: 4/4
  1040 | D:2      | Found a faded altar of an unknown god.
  1493 | D:2      | Prayed at the altar of an unknown god.
  1493 | D:2      | Became a worshipper of Ru the Awakened
  1494 | D:2      | Fell from the grace of Ru
  1834 | D:3      | Noticed Robin
  1843 | D:3      | Killed Robin
  1867 | D:3      | Noticed Terence
  1874 | D:3      | Killed Terence
  1875 | D:3      | Gained mutation: You have a pair of antennae on your head.
                  | [demonic ancestry]
  1875 | D:3      | Reached XP level 5. HP: 30/42 MP: 5/5
  2118 | D:3      | Reached skill level 3 in Polearms
  2118 | D:3      | Reached skill level 1 in Dodging
  2647 | D:4      | Gained mutation: You have a pair of large antennae on your
                  | head. (SInv) [demonic ancestry]
  2647 | D:4      | Reached XP level 6. HP: 48/48 MP: 6/6
  3096 | D:5      | Entered Level 5 of the Dungeon
  3107 | D:5      | Reached skill level 4 in Polearms
  3107 | D:5      | Reached XP level 7. HP: 37/55 MP: 7/7
  3796 | D:5      | Reached skill level 5 in Fighting
  3798 | D:5      | Reached skill level 5 in Polearms
  3798 | D:5      | Reached XP level 8. HP: 47/62 MP: 8/8
  4991 | D:6      | Identified the +0 leather armour of Divine Intervention
                  | {*Corrode Int+4 Dex+4}
  5009 | D:6      | Reached skill level 5 in Armour
  5009 | D:6      | Reached skill level 5 in Shields
  5061 | D:6      | Reached skill level 6 in Polearms
  5082 | D:6      | Found a staircase to the Ecumenical Temple.
  5196 | D:6      | Gained mutation: You are mostly covered in razor-sharp
                  | scales. (AC +2, Slay +2) [demonic ancestry]
  5196 | D:6      | Reached XP level 9. HP: 32/68 MP: 9/9
  5334 | Temple   | Entered the Ecumenical Temple
  5478 | Temple   | Became a worshipper of Makhleb the Destroyer
  5745 | D:6      | Identified the +2 short sword "Nokh" {pain, Str+3 Stlth+}
  6399 | D:7      | Reached * piety under Makhleb
  6417 | D:7      | Reached skill level 7 in Polearms
  6907 | D:7      | Found a transporter.
  6911 | D:7      | Noticed Xavori's ghost (novice OpCK)
  6913 | D:7      | Noticed a two-headed ogre
  6921 | D:7      | Found a transporter.
  7288 | D:8      | Noticed a two-headed ogre
  7308 | D:7      | Slain by a steam dragon

Illustrated notes

Levels and vault maps discovered:
D:1:      lightli_arrival_statuegarden, layout_basic, minmay_fountain_box,
          hangedman_decor_lopped
D:2:      layout_basic, serial_undead, serial_undead_b, serial_undead_d,
          serial_undead_b, serial_undead_b, serial_undead_c,
          hellmonk_ecumenical_altar_prayer_group
D:3:      layout_basic, uniq_robin, uniq_terence
D:4:      layout_rooms
D:5:      layout_layer_cave, st_stairs_10
D:6:      layout_loops_ring, minmay_temple_entry_water_ring
D:7:      wad_lake_hut, layout_gridville, gammafunk_ghost_arena
D:8:      layout_loops_ring, nicolae_overflow_hidden_temple, okawaru_humans,
          minmay_bent
Temple:   nicolae_temple_superstar

Skill      XL: |  1  2  3  4  5  6  7  8  9 |
---------------+----------------------------+-----
Polearms       | 2 3 4 5 6 7 |  7.5
Armour         | 3 4 5 6 |  6.0
Shields        | 3 4 5 |  5.9
Fighting       | 4 5 6 |  6.5
Dodging        | 1 2 3 4 |  4.5

Action                     |  1- 3 |  4- 6 |  7- 9 || total
---------------------------+-------+-------+-------++-------
  Melee: Trident           |   104 |       |       ||   104
         Spear             |    16 |   126 |   229 ||   371
 Invoke: Renounce Religion |       |     1 |       ||     1
    Use: Scroll            |       |       |     3 ||     3
         Potion            |       |       |     1 ||     1
 Armour: Scale mail        |    65 |    81 |   150 ||   296
  Dodge: Dodged            |    45 |    43 |   115 ||   203
  Block: Buckler           |    20 |    19 |    45 ||    84

Table legend: (Time is in decaauts)
 A = Elapsed time spent in this place.
 B = Non-inter-level travel time spent in this place.
 C = Inter-level travel time spent in this place.
 D = Time resting spent in this place.
 E = Time spent auto-exploring this place.
 F = Levels seen in this place.
 G = Mean time per level.
                   A        B        C        D        E       F      G
               +--------+--------+--------+--------+--------+-----+--------+
         Total |   7449 |   7127 |    322 |    325 |   5250 |   9 |  827.7 |
       Dungeon |   7282 |   6963 |    319 |    325 |   5250 |   8 |  910.2 |
        Temple |    166 |    163 |      3 |      0 |      0 |   1 |  166.0 |
               +--------+--------+--------+--------+--------+-----+--------+

Top non-repeatable levels by time:
     D:5: 1879 daAuts
     D:7: 1177 daAuts
     D:6: 1036 daAuts
     D:3: 958 daAuts
     D:2: 938 daAuts
     D:1: 647 daAuts
     D:4: 634 daAuts
  Temple: 166 daAuts
     D:8: 10 daAuts
